 Dungeon Crawl Stone Soup version 0.19.1 (webtiles) character file.

880 tognito the Chopper (level 7, -3/66 HPs)
             Began as a Minotaur Berserker on Dec 4, 2016.
             Was a Priest of Trog.
             Slain by a sky beast (5 damage)
             ... on level 5 of the Dungeon.
             The game lasted 00:08:23 (3775 turns).

tognito the Chopper (Minotaur Berserker)            Turns: 3775, Time: 00:08:24

Health: -3/66      AC:  8    Str: 24    XL:     7   Next: 75%
Magic:  6/6        EV: 11    Int:  7    God:    Trog [***...]
Gold:   216        SH:  0    Dex:  9    Spells: 0 memorised, 6 levels left

rFire  + . .     SeeInvis .     a - +0 hand axe
rCold  x . .     Gourm    .     x - +0 scale mail
rNeg   . . .     Faith    .     (no shield)
rPois  .         Spirit   .     (helmet restricted)
rElec  .         Reflect  .     (no cloak)
rCorr  .         Harm     .     v - +0 pair of gloves
MR     .....                    (no boots)
Stlth  ..........               (no amulet)
                                l - ring of fire
                                q - +3 ring of intelligence

@: drained
A: retaliatory headbutt, horns 2
a: Berserk, Trog's Hand, Burn Spellbooks, Renounce Religion


You were on level 5 of the Dungeon.
You worshipped Trog.
Trog was most pleased with you.
You were not hungry.

You visited 1 branch of the dungeon, and saw 5 of its levels.

You collected 216 gold pieces.

Inventory:

Hand Weapons
 a - a +0 hand axe (weapon)
Missiles
 i - 40 bolts
Armour
 v - a +0 pair of gloves (worn)
 x - a +0 scale mail (worn)
Jewellery
 l - a ring of fire (right hand)
 q - a +3 ring of intelligence (left hand)
Scrolls
 b - 2 scrolls of amnesia {unknown}
 e - a scroll of recharging {unknown}
 f - 4 scrolls of remove curse {unknown}
 h - 2 scrolls of teleportation {unknown}
 j - a scroll of enchant weapon {unknown}
 k - a scroll of identify {unknown}
 m - a scroll of blinking {unknown}
 n - a scroll of random uselessness {unknown}
 o - a scroll of magic mapping {unknown}
 w - a scroll of fog {unknown}
Potions
 d - 3 potions of invisibility
 p - a potion of curing
 t - 3 potions of magic
 u - a potion of beneficial mutation {unknown}
Comestibles
 c - 2 bread rations
 g - a meat ration
 r - 3 slices of pizza
 z - 3 chunks of flesh


   Skills:
 * Level 7.1(6.8) Fighting
 * Level 7.2(6.9) Axes
 + Level 4.8(4.6) Armour
 + Level 4.3(4.1) Dodging


You had 6 spell levels left.
You didn't know any spells.

Dungeon Overview and Level Annotations

Branches:
Dungeon (5/15)             Temple (0/1) D:4

Altars:
Cheibriados
Dithmenos
Elyvilon
Uskayaw

Shops:
D:4 (


Innate Abilities, Weirdness & Mutations

You reflexively headbutt those who attack you in melee.
You have a pair of horns on your head.


Message History

You hit the centaur. Your headbutt misses the centaur.
The centaur is severely wounded.
You miss something. The centaur closely misses you. You furiously retaliate!
You headbutt the centaur. Something hits you.
* * * LOW HITPOINT WARNING * * *
Something shocks you.
* * * LOW HITPOINT WARNING * * *
The centaur hits you but does no damage.
You hit the centaur. You headbutt the centaur.
You kill the centaur!
Trog accepts your kill.
Your base Fighting skill increases to level 7!
You closely miss something. Something hits you.
* * * LOW HITPOINT WARNING * * *
Something shocks you.
* * * LOW HITPOINT WARNING * * *
Something hits you.
* * * LOW HITPOINT WARNING * * *
Something shocks you.
You die...

#........#####>#......###
#.##......((##.#.#...)))#
#.##.#...##........#..#.#
#.##......####.#.###..#.####
#..............#.(.........#
#.#####.########.((..##.##.#
#.......# #......(#####.##.#
#######.# #......(# #..##.#
#.# #.....@.# #.###.# #.#
#.......# #.# #....... #.#
#......)# #.# ###.[... #.#
#...?...# ##.# ##### ####.#
#.......# #.># # #....#
######### #.## # #.#### #.#
### #.###### #########.# #..
#...<..#
#.........#########.#


There were no monsters in sight!

Vanquished Creatures
  An ice beast (D:3)
  A phantom (D:4)
  2 centaurs (D:5)
  A scorpion (D:5)
  A howler monkey (D:4)
  A crimson imp (D:5)
  2 orc priests
  3 orc wizards
  An iguana (D:4)
  A mummy (D:4)
  9 gnolls
  4 adders
  2 shadow imps (D:5)
  An ooze (D:2)
  An adder skeleton (D:4)
  A worm (D:2)
  A dart slug (D:2)
  2 leopard geckos
  9 orcs
  8 giant cockroaches
  2 goblins (D:2)
  3 hobgoblins
  2 jackals (D:4)
  4 quokkas
  2 ball pythons
  7 bats
  7 frilled lizards
  9 kobolds
  9 rats
97 creatures vanquished.

Notes
Turn   | Place    | Note
-------+----------+-------------------------------------------
     0 | D:1      | tognito the Minotaur Berserker began the quest for the Orb.
     0 | D:1      | Reached XP level 1. HP: 19/19 MP: 0/0
   174 | D:1      | Reached XP level 2. HP: 14/27 MP: 1/1
   693 | D:2      | Reached XP level 3. HP: 26/33 MP: 2/2
   769 | D:2      | Reached ** piety under Trog
   856 | D:2      | Found a shadowy altar of Dithmenos.
  1157 | D:2      | Found a white marble altar of Elyvilon.
  1649 | D:3      | Reached XP level 4. HP: 30/41 MP: 3/3
  1651 | D:3      | Noticed an ice beast
  1660 | D:3      | HP: 3/61 [ice beast (11)]
  1662 | D:3      | Killed an ice beast
  1662 | D:3      | Reached skill level 5 in Fighting
  1662 | D:3      | Reached skill level 5 in Axes
  1662 | D:3      | Reached XP level 5. HP: 4/48 MP: 4/4
  2163 | D:3      | Found a hide-covered altar of Uskayaw.
  2201 | D:3      | Reached XP level 6. HP: 29/56 MP: 5/5
  2430 | D:4      | Found Awiu's Antique Weapon Boutique.
  2516 | D:4      | Found a snail-covered altar of Cheibriados.
  2776 | D:4      | Reached *** piety under Trog
  3056 | D:4      | Found a staircase to the Ecumenical Temple.
  3126 | D:4      | Reached XP level 7. HP: 40/63 MP: 6/6
  3172 | D:5      | Entered Level 5 of the Dungeon
  3774 | D:5      | HP: 2/66 [something (6)]
  3775 | D:5      | Slain by a sky beast

Skill      XL: |  1  2  3  4  5  6  7 |
---------------+----------------------+-----
Axes           | 4 5 6 7 |  7.2
Fighting       | 4 5 6 7 |  7.1
Armour         | 3 4 |  4.8
Dodging        | 3 4 |  4.3

Action                   |  1- 3 |  4- 6 |  7- 9 || total
-------------------------+-------+-------+-------++-------
Melee: Hand axe          |    89 |    96 |    58 ||   243
       Headbutt          |     9 |    22 |    16 ||    47
Invok: Berserk           |       |     1 |     1 ||     2
       Trog's Hand       |       |       |     1 ||     1
  Use: Potion            |     5 |     4 |     1 ||    10
 Stab: Invisible         |     1 |       |       ||     1
       Sleeping          |     1 |       |       ||     1
  Eat: Chunk             |     3 |     5 |     4 ||    12
Armor: Animal skin       |    11 |       |       ||    11
       Ring mail         |     6 |    19 |       ||    25
       Scale mail        |       |       |    36 ||    36
Dodge: Dodged            |    49 |    68 |    42 ||   159
